 Dungeon Crawl Stone Soup version 0.22-a0-32-ga749362 (webtiles) character file.

1788594 dstrtn the Merfolkian Porcupine (level 27, 224/224 HPs)
             Began as a Merfolk Skald on Jan 2, 2018.
             Was a High Priest of Hepliaklqana.
             Escaped with the Orb
             ... and 3 runes on Jan 3, 2018!
             The game lasted 06:52:03 (65237 turns).

dstrtn the Merfolkian Porcupine (Merfolk Skald)    Turns: 65237, Time: 06:52:04

Health: 224/224    AC: 36    Str: 27    XL:     27
Magic:  36/36      EV: 30    Int: 16    God:    Hepliaklqana [*****.]
Gold:   2127       SH:  0    Dex: 18    Spells: 12/38 levels left

rFire    + + .     SeeInvis +   y - +9 glaive (chop)
rCold    + + .     Gourm    .   (shield currently unavailable)
rNeg     . . .     Faith    +   v - +8 fire dragon scales
rPois    +         Spirit   .   k - +2 helmet of Atheism {rElec rF+ Regen+ SInv}
rElec    +         Reflect  .   q - +0 cloak of Shadows and Fog {*Corrode rF- rC+++ MR+ Str+9}
rCorr    .         Harm     .   G - +2 pair of gloves
MR       ++++.                  p - +2 pair of boots
Stlth    ..........             S - amulet of faith {!P}
HPRegen  0.87/turn              Z - ring of poison resistance
MPRegen  0.25/turn              h - ring of protection from magic

@: hasted, drained, very quick
A: change form in water, swift swim, stealthy swim, reduced essence, slimy green
scales 1, clever 1
0: Orb of Zot
}: 3/15 runes: decaying, abyssal, gossamer
a: Recall Ancestor, Ancestor Identity, Transference, Idealise, Renounce Religion


You escaped.
You worshipped Hepliaklqana.
Hepliaklqana was extremely pleased with you.
You were very full.

You visited 10 branches of the dungeon, and saw 49 of its levels.
You visited the Abyss 1 time.
You visited 1 bazaar.
You also visited: Desolation.

You collected 6208 gold pieces.
You spent 4081 gold pieces at shops.

Inventory:

Hand Weapons
 y - a +9 glaive of chopping (weapon)
Missiles
 I - 775 arrows
 U - 2 tomahawks of dispersal (quivered) {!f}
 W - 12 throwing nets {!f}
Armour
 k - the +2 helmet of Atheism (worn) {rElec rF+ Regen+ SInv}
   (You found it on level 2 of the Depths)

   It protects you from fire.
   It insulates you from electricity.
   It lets you see invisible.
   It increases your rate of regeneration.
 p - a +2 pair of boots (worn)
 q - the +0 cloak of Shadows and Fog (worn) {*Corrode rF- rC+++ MR+ Str+9}
   (You found it in the Desolation of Salt)

   It affects your strength (+9).
   It makes you vulnerable to fire.
   It renders you almost immune to cold.
   It affects your resistance to hostile enchantments.
   It may corrode you when you take damage.
 v - +8 fire dragon scales (worn)
 F - a +2 cloak
 G - a +2 pair of gloves (worn)
Jewellery
 a - the ring "Fubu" {rN+ MP+9 Str+6}
   (You found it in the Desolation of Salt)

   [ring of magical power]

   It affects your strength (+6).
   It protects you from negative energy.
   It affects your magic capacity (+9).
 h - a ring of protection from magic (right hand)
 S - an amulet of faith (around neck) {!P}
 Z - a ring of poison resistance (left hand)
Wands
 r - a wand of disintegration (29)
 t - a wand of iceblast (20)
 E - a wand of polymorph (15)
 L - a wand of enslavement (17)
 P - a wand of paralysis (74)
 V - a wand of digging (6)
 X - a wand of acid (38)
Scrolls
 b - 9 scrolls of remove curse
 c - 4 scrolls of silence
 e - 7 scrolls of fog
 f - 7 scrolls of fear
 g - 7 scrolls of identify
 s - 3 scrolls of immolation {!r}
 z - 19 scrolls of teleportation
 A - a scroll of blinking
Potions
 i - 4 potions of ambrosia
 j - 3 potions of heal wounds
 l - 3 potions of agility
 n - 7 potions of lignification {!q}
 u - 4 potions of cancellation {!q}
 w - 5 potions of resistance
 x - 4 potions of berserk rage
 B - a potion of haste {!q}
 D - a potion of invisibility {!q}
 J - 11 potions of mutation {!q}
 M - a potion of might
 N - 14 potions of curing
 O - 7 potions of brilliance
 Q - 5 potions of magic
 Y - 6 potions of flight
Miscellaneous
 o - a phial of floods
 H - 5 phantom mirrors
 K - a lamp of fire
 R - 4 boxes of beasts
 T - a lightning rod (4/4) {!a}
Comestibles
 d - 53 rations


   Skills:
 O Level 27(26.7) Fighting
 O Level 27(26.7) Polearms
 - Level 15.0(14.8) Armour
 O Level 27(26.7) Dodging
 - Level 6.0(5.8) Spellcasting
 - Level 8.0(7.8) Hexes
 - Level 15.0(14.8) Charms
 - Level 4.0(3.9) Necromancy
 - Level 11.1(10.9) Transmutations
 - Level 4.0(3.8) Ice Magic
 - Level 5.0(4.8) Earth Magic
 + Level 19.7(19.5) Invocations
 - Level 5.0(4.8) Evocations


You had 12 spell levels left.
You knew the following spells:

 Your Spells              Type           Power        Failure   Level  Hunger
a - Deflect Missiles      Chrm/Air       ####......   90%         6    #######
b - Sticks to Snakes      Tmut           #####...     1%          2    #......
c - Silence               Hex/Air        ###.......   83%         5    ######.
o - Ozocubu's Armour      Chrm/Ice       ####....     1%          3    ##.....
r - Regeneration          Chrm/Necr      ####......   1%          3    ##.....
s - Song of Slaying       Chrm           ######..     1%          2    #......
w - Passwall              Tmut/Erth      ####......   1%          2    #......
W - Spectral Weapon       Hex/Chrm       #####...     1%          3    ##.....


Dungeon Overview and Level Annotations

Branches:
Dungeon (15/15)            Temple (1/1) D:6            Lair (6/6) D:9
  Swamp (4/4) Lair:2       Spider (4/4) Lair:4        Slime (0/5) Lair:6
    Orc (2/2) D:11            Elf (3/3) Orc:2        Vaults (4/5) D:13
  Crypt (0/3) Vaults:3     Depths (5/5) D:15            Zot (5/5) Depths:5

Altars:
Ashenzari
Cheibriados
Dithmenos
Elyvilon
Fedhas
Gozag
Hepliaklqana
Kikubaaqudgha
Makhleb
Nemelex Xobeh
Okawaru
Qazlal
Ru
Sif Muna
Trog
Uskayaw
Vehumet
Wu Jian
Xom
Yredelemnul
Zin
The Shining One
Beogh

Shops:
D:4 ?   D:8 (   D:10 **%?   Orc:2 ?}?=   Elf:3 %   Vaults:1 }   Vaults:2 (
Zot:3 *

Portals:
Hell: Depths:1 Depths:2 Depths:3 Depths:4 Depths:5
Abyss: Depths:4
Pandemonium: Depths:1 Depths:2 Depths:3
Ziggurat: Depths:3
Trove: D:13 (show slimy rune of Zot)

Annotations:
D:5 eels, exclusion: 2 doors
D:7 exclusion: downstairs
D:9 exclusion: statue
Lair:6 exclusion: 3 oklob plants
Swamp:4 Tovarisch's ghost, adept DDFi
Spider:2 exclusion: downstairs


Innate Abilities, Weirdness & Mutations

You revert to your normal form in water.
You are very nimble and swift while swimming.
You are very stealthy in the water. (Stealth+)
Your life essence is reduced to manifest your ancestor. (-10% HP)
You are partially covered in slimy green scales. (AC +2)
Your mind is acute. (Int +2)


Message History

Unknown command.
You slice the ynoxinul like a ripe choko!!!
You kill the ynoxinul!
There is a stone staircase leading up here.
You climb upwards.
There is a stone staircase leading down here.
Unknown command.
A is no longer moving quickly.
There is a stone staircase leading up here.
You climb upwards.
There is a stone staircase leading down here.
There is a stone staircase leading up here.
You climb upwards.
There is a stone staircase leading down here.
Really quaff
B - 2 potions of haste {!q}?
You feel yourself speed up.
You open the door.
There is an open door here.
There is a staircase leading out of the dungeon here.
You have escaped!

#.###.........
#######.# #.........
#...R...# #.........
##'#####.# #.........
#≈..♣♣ #.# #.........
#≈...♣♣#.# #.........
#≈...P♣#.#####'###...
#≈..R.♣#.............
#≈≈.@.♣####.....##...
#≈≈≈...# #.....##...
#.≈≈≈..# #......####
#.≈P≈.P# #......####
#<≈P≈≈.# #......##..
#.≈PP≈≈# #..........
#.≈≈PP≈# ######.....
#..≈PP≈# #.....
#..≈≈≈≈# #.....


You could see the friendly a the hexer.

Vanquished Creatures
  2 ancient liches (Zot:5)
  4 juggernauts
  4 orbs of fire
  Sojobo (Depths:2)
  6 Killer Klowns (Zot:5)
  4 curse toes
  Xtahua (Depths:4)
  3 caustic shrikes
  13 golden dragons
  A profane servitor (Abyss:3)
  4 bone dragons
  5 electric golems
  2 liches
  13 tentacled monstrosities
  21 Orb Guardians
  A titan (Depths:2)
  Asterion (Depths:2)
  3 deep elf blademasters (Elf:3)
  An acid blob (shapeshifter) (Depths:3)
  10 quicksilver dragons
  6 deep elf master archers (Elf:3)
  7 tentacled starspawn
  A sphinx (Depths:2)
  13 death cobs
  The ghost of braks the Tortoise, an adept FoFi of Uskayaw (Spider:3)
  An ancient champion (Abyss:1)
  16 storm dragons
  4 thorn hunters
  Kirke (Swamp:3)
  Frances (D:12)
  4 draconian monks
  4 shadow dragons
  Donald (Swamp:3)
  7 tengu reavers
  An azure jelly (shapeshifter) (Depths:3)
  3 iron dragons
  An imperial myrmidon (Desolation)
  6 fire giants
  9 draconian knights
  5 deep elf sorcerers
  A daeva (Abyss:2)
  11 ghost moths
  2 orc warlords
  10 vault wardens
  7 frost giants
  9 draconian shifters
  Louise (Swamp:2)
  2 deep elf elementalists (Elf:3)
  8 emperor scorpions
  5 draconian scorchers
  4 draconian stormcallers
  8 draconian annihilators
  A reaper (Zot:1)
  17 stone giants
  4 ironheart preservers
  17 very ugly things
  3 war gargoyles (Depths:3)
  2 spriggan defenders (Depths:4)
  5 entropy weavers
  23 green draconians
  3 vampire knights
  15 black draconians
  20 purple draconians
  6 deep elf annihilators
  3 deep elf demonologists
  3 halazid warlocks (Desolation)
  9 red draconians
  22 yellow draconians
  10 spark wasps
  Snorg (D:14)
  18 white draconians
  6 ettins
  8 fire dragons
  9 crystal guardians
  A merfolk impaler (Depths:4)
  2 blizzard demons (Depths:3)
  3 merfolk javelineers (Depths:2)
  3 deep elf death magi
  7 great orbs of eyes
  14 yaktaur captains
  2 deep elf high priests (Elf:3)
  5 ragged hierophants (Desolation)
  2 hell beasts
  3 vault guards
  3 spriggan air magi
  7 servants of whispers (Desolation)
  3 rakshasas
  12 ice dragons
  3 peacekeepers (Desolation)
  A hydra (shapeshifter) (Depths:3)
  2 naga warriors (Abyss:2)
  5 alligators
  32 two-headed ogres
  19 hydras
  A queen ant (Lair:2)
  11 centaur warriors
  A merfolk avatar (Abyss:3)
  3 catoblepae (Lair:6)
  36 dancing weapons
  15 ogre magi
  4 hell hogs (Abyss:2)
  2 vampire magi
  12 death yaks
  2 tengu warriors
  8 deep troll shamans
  9 thrashing horrors
  10 spriggan berserkers
  7 deep troll earth magi
  22 deep elf knights
  A fire crab (shapeshifter) (Depths:3)
  Sonja (D:12)
  6 hell knights
  2 sixfirhies
  3 iron trolls (Depths:2)
  4 wretched stars
  2 death drakes (Zot:4)
  4 spatial maelstroms
  A titan skeleton (Vaults:4)
  2 shadow wraiths (Vaults:4)
  A death drake (shapeshifter) (Elf:1)
  6 glowing orange brains
  20 deep trolls
  A spriggan druid (Swamp:2)
  5 wizards
  10 swamp dragons
  6 shambling mangroves
  8 unseen horrors
  2 unseen horrors (shapeshifter)
  3 obsidian statues
  25 orc knights
  16 deep elf archers
  An orange crystal statue (Depths:2)
  2 phantasmal warriors
  19 large abominations
  A wolf spider zombie (D:13)
  17 ironbrand convokers
  5 necromancers
  2 lindwurms (shapeshifter) (Depths:3)
  28 wolf spiders
  37 deep elf magi
  An orc sorcerer (Abyss:2)
  11 orb spiders
  2 oklob plants
  2 harpies (shapeshifter) (Vaults:3)
  26 ugly things
  A manticore (shapeshifter) (Depths:3)
  6 cyclopes
  33 moths of wrath
  A worldbinder (Abyss:3)
  4 manticores
  7 black mambas
  5 vault sentinels
  A torpor snail (Lair:3)
  6 guardian serpents
  A guardian serpent (shapeshifter) (Depths:3)
  4 elephants (Lair:6)
  4 orange demons
  3 centaur zombies
  12 spiny frogs
  5 spectral swamp worms (Depths:1)
  A torpor snail (shapeshifter) (Depths:3)
  2 gargoyles (Depths:3)
  5 smoke demons
  7 molten gargoyles
  A rime drake (Lair:3)
  A catoblepas zombie (Abyss:2)
  2 ice devils (Depths:2)
  3 freezing wraiths
  8 komodo dragons
  3 tengu conjurers
  5 ancient zymes
  56 yaktaurs
  2 wandering mushrooms (Lair:6)
  3 hellwings
  9 demonic crawlers
  27 jumping spiders
  A red devil (D:5)
  11 trolls
  A polar bear (Lair:3)
  A hydra skeleton (Abyss:2)
  7 tyrant leeches
  26 hornets
  8 bog bodies
  A wolf spider simulacrum (D:15)
  41 saltlings (Desolation)
  12 raiju
  A human simulacrum (Vaults:4)
  4 wind drakes (Depths:3)
  A raiju (shapeshifter) (Depths:2)
  An iron dragon simulacrum (Abyss:1)
  16 blink frogs
  37 slime creatures
  6 dream sheep
  A stone giant simulacrum (Vaults:1)
  5 air elementals
  73 redbacks
  A tarantella (shapeshifter) (Depths:3)
  6 hippogriffs
  2 wraiths
  A vampire (Abyss:3)
  3 shadows
  32 tarantellas
  76 yaks
  4 spriggans
  18 water elementals
  A fire bat (shapeshifter) (Depths:3)
  A wyvern (Lair:6)
  11 fire elementals
  2 basilisks
  A basilisk (shapeshifter) (D:13)
  2 fire bats (Abyss:2)
  A hog (shapeshifter) (Vaults:3)
  5 ynoxinuls
  4 chaos spawn
  A hungry ghost (Abyss:1)
  5 neqoxecs
  A spatial vortex (Abyss:2)
  41 vampire mosquitoes
  A steam dragon (D:15)
  2 nagas (Abyss:2)
  A naga (shapeshifter) (Vaults:4)
  13 wargs
  15 soldier ants (Lair:2)
  A warg (shapeshifter) (Depths:2)
  A soldier ant (shapeshifter) (Depths:1)
  14 insubstantial wisps
  7 swamp worms
  A swamp worm (shapeshifter) (D:13)
  A water moccasin (shapeshifter) (Vaults:2)
  An acid dragon (D:11)
  11 porcupines
  8 water moccasins
  A floating eye (Spider:4)
  16 swamp drakes
  3 black bears (D:10)
  4 sky beasts
  56 orc warriors
  2 hornet zombies
  An eye of draining (Abyss:3)
  3 phantoms
  5 ice beasts
  A snapping turtle zombie (Abyss:3)
  An eye of draining (shapeshifter) (Depths:1)
  38 ogres
  A tengu (shapeshifter) (Vaults:1)
  16 wolves
  24 boggarts
  14 small abominations
  15 centaurs
  16 crocodiles
  7 elf zombies (Elf:1)
  2 big kobolds
  26 bullfrogs
  8 earth elementals
  A hornet simulacrum (Vaults:1)
  A wyvern skeleton (D:10)
  A scorpion (D:9)
  8 wights
  20 killer bees
  4 electric eels
  4 howler monkeys
  9 crimson imps
  40 starcursed masses
  5 bullfrog skeletons
  3 jellies
  16 orc priests
  6 hounds
  2 quasits
  3 centaur skeletons
  3 iron imps
  6 iguanas
  36 worker ants
  25 orc wizards
  A hound skeleton (D:9)
  A worker ant zombie (D:4)
  11 adders
  4 shadow imps
  5 white imps
  2 adder zombies
  An adder skeleton (D:9)
  A worm (D:3)
  3 dart slugs
  6 leopard geckos
  134 orcs
  2 ball pythons
  7 giant cockroaches
  8 goblins
  4 hobgoblins
  24 jackals
  6 quokkas
  11 bats
  3 frilled lizards
  11 kobolds
  2 leopard gecko skeletons
  9 rats
  2 briar patches
  A bush (Lair:1)
  6 spectral weapons
  8 starspawn tentacles (Abyss:3)
2524 creatures vanquished.

Vanquished Creatures (collateral kills)
  The ghost of Aryth the Talismancer, a legendary DDFi of Makhleb (Zot:5)
  A Killer Klown (Zot:5)
  A bone dragon (Zot:3)
  3 tentacled monstrosities
  5 Orb Guardians (Zot:5)
  A tengu reaver (Depths:2)
  2 storm dragons
  A fire giant (Vaults:4)
  A draconian knight (Zot:1)
  3 ghost moths
  A draconian stormcaller (Zot:5)
  3 ironheart preservers
  2 draconian annihilators
  4 green draconians
  A black draconian (Zot:1)
  3 red draconians (Zot:1)
  A white draconian (Zot:5)
  A deep elf annihilator (Elf:3)
  A spark wasp (Depths:2)
  A yaktaur captain (Depths:1)
  3 fire dragons
  A crystal guardian (Depths:3)
  A great orb of eyes (Depths:5)
  Harold (D:12)
  A hydra (Swamp:4)
  A vault guard (Vaults:3)
  An ice dragon (Zot:3)
  A catoblepas (Lair:6)
  2 centaur warriors
  A dancing weapon (Elf:2)
  A two-headed ogre (Vaults:4)
  A thrashing horror (Abyss:3)
  2 unseen horrors
  A swamp dragon (Zot:4)
  A glowing orange brain (Depths:4)
  A deep troll (Depths:4)
  A deep elf archer (Vaults:1)
  An obsidian statue (Depths:3)
  2 orc knights
  3 orb spiders (Spider:4)
  4 deep elf magi
  A wolf spider (Vaults:2)
  A shining eye (Abyss:1)
  4 ugly things
  4 large abominations
  A human zombie (Vaults:4)
  5 moths of wrath
  A spiny frog (Swamp:3)
  A komodo dragon (Lair:6)
  A yaktaur (Vaults:4)
  2 jumping spiders
  A tyrant leech (Swamp:3)
  6 saltlings (Desolation)
  3 hornets
  A raiju (Abyss:3)
  2 blink frogs
  3 slime creatures
  2 bog bodies (Swamp:2)
  3 dream sheep (Lair:4)
  A meliai zombie (D:13)
  A small abomination (Abyss:3)
  2 spriggans
  4 redbacks
  An air elemental (Elf:1)
  A water elemental (Depths:4)
  3 tarantellas
  3 yaks
  A basilisk (Lair:5)
  2 vampire mosquitoes (Swamp:3)
  A swamp worm (Swamp:1)
  7 orc warriors
  A swamp drake (Swamp:3)
  An ice beast (D:13)
  A sky beast (D:14)
  2 boggarts (Vaults:3)
  2 starcursed masses
  2 ogres
  An elf zombie (Elf:1)
  2 bullfrogs
  3 killer bees
  2 wights (D:10)
  An electric eel (Lair:2)
  A crimson imp (Abyss:1)
  2 quasits
  2 orc priests
  A jelly (D:11)
  An orc wizard (D:12)
  A white imp (Abyss:1)
  16 orcs
  A bush (Lair:6)
  2 fungi
  3 plants
  2 starspawn tentacles (Abyss:3)
187 creatures vanquished.

Vanquished Creatures (others)
  A death cob (Zot:2)
  A stone giant (shapeshifter) (Depths:3)
  A black draconian (Zot:4)
  A death knight (Vaults:3)
  A glowing orange brain (Depths:3)
  A deep elf mage (Elf:3)
  An ugly thing (Depths:3)
  A moth of wrath (Zot:5)
  An air elemental (Depths:3)
  A fire elemental (Depths:3)
  A human (Swamp:3)
  An insubstantial wisp (Depths:3)
  An eye of draining (Abyss:3)
  3 ancestors
  69 hexers
  8 ball lightnings (Depths:3)
  21 fungi
  A lurking horror (Abyss:2)
  49 plants
  124 spectral weapons
  15 starspawn tentacles
303 creatures vanquished.

Grand Total: 3014 creatures vanquished

Notes
Turn   | Place    | Note
-------+----------+-------------------------------------------
     0 | D:1      | dstrtn the Merfolk Skald began the quest for the Orb.
     0 | D:1      | Reached XP level 1. HP: 16/16 MP: 3/3
   168 | D:1      | Reached XP level 2. HP: 17/23 MP: 5/5
   188 | D:1      | Learned a level 2 spell: Song of Slaying
  1036 | D:2      | Reached XP level 3. HP: 27/28 MP: 6/6
  1094 | D:2      | Learned a level 3 spell: Spectral Weapon
  1132 | D:2      | Found an ornate altar of the Wu Jian Council.
  1303 | D:2      | Reached skill level 1 in Hexes
  1409 | D:2      | Reached XP level 4. HP: 34/34 MP: 7/7
  1491 | D:2      | Found a bloodstained altar of Trog.
  1491 | D:2      | Found a sparkling altar of Nemelex Xobeh.
  1936 | D:3      | Reached XP level 5. HP: 16/40 MP: 6/8
  2193 | D:3      | Found a shattered altar of Ashenzari.
  2971 | D:4      | Found Xanaagey's Magic Scroll Boutique.
  2992 | D:4      | Bought a scroll of blinking for 105 gold pieces
  2992 | D:4      | Bought a scroll of noise for 14 gold pieces
  3062 | D:4      | Found an ancient bone altar of Kikubaaqudgha.
  3119 | D:4      | Reached skill level 1 in Armour
  3204 | D:4      | Reached XP level 6. HP: 41/46 MP: 9/9
  3252 | D:4      | Noticed a phantom
  3484 | D:4      | Killed a phantom
  3836 | D:4      | Reached skill level 5 in Polearms
  3836 | D:4      | Reached skill level 5 in Charms
  3836 | D:4      | Reached XP level 7. HP: 48/52 MP: 10/10
  4378 | D:5      | Entered Level 5 of the Dungeon
  4443 | D:5      | Found an iron altar of Okawaru.
  4460 | D:5      | Reached skill level 1 in Evocations
  4678 | D:5      | Reached XP level 8. HP: 52/58 MP: 11/11
  5067 | D:6      | Found a staircase to the Ecumenical Temple.
  5072 | Temple   | Entered the Ecumenical Temple
  5113 | Temple   | Became a worshipper of Elyvilon the Healer
  5356 | D:6      | Got an ancient dagger
  5417 | D:6      | Found a deep blue altar of Sif Muna.
  5636 | D:6      | Reached skill level 10 in Polearms
  5905 | D:6      | Reached * piety under Elyvilon
  6214 | D:7      | Reached XP level 9. HP: 58/66 MP: 7/12
  6332 | D:7      | Learned a level 3 spell: Ozocubu's Armour
  6587 | D:7      | Reached skill level 1 in Ice Magic
  6643 | D:7      | Reached ** piety under Elyvilon
  6866 | D:7      | Reached skill level 5 in Fighting
  7103 | D:8      | Noticed a two-headed ogre
  7172 | D:8      | Found Gychotzi's Weapon Emporium.
  7172 | D:8      | Noticed a troll
  7179 | D:8      | Killed a troll
  8087 | D:8      | Reached XP level 10. HP: 77/77 MP: 8/14
  8235 | D:9      | Reached *** piety under Elyvilon
  8431 | D:4      | Bought a scroll of remove curse for 42 gold pieces
  8558 | D:9      | Reached skill level 5 in Dodging
  8997 | D:9      | Found a staircase to the Lair.
  9008 | Lair:1   | Entered Level 1 of the Lair of Beasts
  9148 | Lair:1   | Noticed an oklob plant
  9174 | Lair:1   | Noticed a spiny frog
  9181 | Lair:1   | Killed a spiny frog
  9579 | Lair:1   | Noticed a spiny frog
  9594 | Lair:1   | Killed a spiny frog
  9594 | Lair:1   | Reached XP level 11. HP: 69/86 MP: 15/15
 10049 | Lair:2   | Learned a level 2 spell: Shroud of Golubria
 10445 | Lair:2   | Found the +4 Vampire's Tooth {vamp}
 10462 | Lair:2   | Noticed a queen ant
 10513 | Lair:2   | Killed a queen ant
 10524 | Lair:2   | Reached skill level 10 in Dodging
 10925 | Lair:2   | Reached skill level 5 in Evocations
 11296 | Lair:4   | Reached **** piety under Elyvilon
 11437 | Lair:4   | Reached XP level 12. HP: 96/96 MP: 16/16
 12013 | D:4      | Bought a scroll of magic mapping for 49 gold pieces
 12013 | D:4      | Bought a scroll of magic mapping for 49 gold pieces
 12013 | D:4      | Bought a scroll of enchant armour for 105 gold pieces
 12286 | Lair:4   | Reached skill level 10 in Fighting
 12603 | Lair:5   | Noticed a death yak
 12605 | Lair:5   | Noticed a death yak
 12624 | Lair:5   | Killed a death yak
 12625 | Lair:5   | Noticed a death yak
 12626 | Lair:5   | Noticed a death yak
 12629 | Lair:5   | Killed a death yak
 12634 | Lair:5   | Killed a death yak
 12638 | Lair:5   | Noticed a death yak
 12642 | Lair:5   | Killed a death yak
 12646 | Lair:5   | Killed a death yak
 12672 | Lair:6   | Entered Level 6 of the Lair of Beasts
 12733 | Lair:6   | Noticed a four-headed hydra
 12972 | Temple   | Fell from the grace of Elyvilon
 12972 | Temple   | Became a worshipper of Hepliaklqana the Forgotten
 13146 | D:9      | Found a radiant altar of Vehumet.
 13244 | D:9      | Found a snail-covered altar of Cheibriados.
 13801 | Lair:2   | Found a staircase to the Swamp.
 14218 | Lair:3   | Reached * piety under Hepliaklqana
 14465 | Lair:3   | Reached skill level 15 in Dodging
 14468 | Lair:3   | Reached XP level 13. HP: 32/95 MP: 17/17
 15267 | Lair:3   | Learned a level 3 spell: Regeneration
 15270 | Lair:3   | Learned a level 2 spell: Sticks to Snakes
 15523 | Lair:4   | Reached ** piety under Hepliaklqana
 15559 | Lair:4   | Remembered your ancestor a as a hexer
 15717 | Lair:4   | Found a hole to the Spider Nest.
 16820 | Lair:5   | Reached *** piety under Hepliaklqana
 17233 | Lair:6   | Reached skill level 1 in Necromancy
 17557 | Lair:6   | Reached skill level 1 in Invocations
 18031 | Lair:6   | Reached XP level 14. HP: 97/104 MP: 18/18
 18033 | Lair:6   | Found a staircase to the Slime Pits.
 18922 | D:10     | Entered Level 10 of the Dungeon
 19026 | D:10     | Reached skill level 5 in Invocations
 19035 | D:10     | Found Uplin's Assorted Antiques.
 19040 | D:10     | Bought a pair of glowing boots for 187 gold pieces
 19040 | D:10     | Bought an inky potion for 22 gold pieces
 19040 | D:10     | Bought a slimy marble ring for 125 gold pieces
 19051 | D:10     | Identified the ring "Sozxok" {rElec rC+ MP+9 Slay+2} (You bought it in a shop on level 10 of the Dungeon)
 19281 | D:10     | Found Ixzuasok's Food Emporium.
 19286 | D:10     | Found Rewet's Magic Scroll Shop.
 19287 | D:10     | Reached **** piety under Hepliaklqana
 19294 | D:10     | Bought a scroll of teleportation for 39 gold pieces
 19294 | D:10     | Bought a scroll of identify for 26 gold pieces
 19479 | D:10     | Found Geimeyn's General Store.
 19490 | D:10     | Bought a scroll of identify for 26 gold pieces
 19804 | D:11     | Reached skill level 5 in Hexes
 19894 | D:11     | Found a staircase to the Orcish Mines.
 20222 | D:12     | Noticed Sonja
 20354 | D:12     | Noticed Harold
 20389 | D:12     | Killed Harold
 20419 | D:12     | Killed Sonja
 20419 | D:12     | Reached skill level 15 in Polearms
 20544 | D:12     | Noticed Frances
 20568 | D:11     | Upgraded the game from 0.22-a0-21-g9421e3f to 0.22-a0-32-ga749362
 21033 | Orc:1    | Entered Level 1 of the Orcish Mines
 21044 | Orc:1    | Noticed a stone giant
 21057 | Orc:1    | Killed a stone giant
 21399 | Orc:2    | Entered Level 2 of the Orcish Mines
 21960 | Orc:2    | Noticed an orc warlord
 22059 | Orc:1    | Killed an orc warlord
 22227 | Orc:2    | Found a staircase to the Elven Halls.
 22327 | Orc:1    | Noticed an orc warlord
 22528 | Orc:2    | Killed an orc warlord
 23081 | Orc:2    | Reached XP level 15. HP: 108/110 MP: 19/19
 23752 | Orc:2    | Found Tikedih's Gadget Shoppe.
 23752 | Orc:2    | Found Wunoif's Magic Scroll Shop.
 23954 | Orc:2    | Found a roughly hewn altar of Beogh.
 23975 | Orc:2    | Found Totsua's Jewellery Shoppe.
 23975 | Orc:2    | Found Toto's Magic Scroll Shop.
 24119 | Orc:2    | Bought a scroll of blinking for 127 gold pieces
 24151 | Orc:2    | Bought a scroll of teleportation for 45 gold pieces
 24332 | D:10     | Bought a book of Geomancy for 455 gold pieces
 24335 | D:10     | Learned a level 2 spell: Passwall
 24617 | D:13     | Found a runed door.
 24662 | D:13     | Reached skill level 1 in Transmutations
 24843 | D:13     | Reached skill level 1 in Earth Magic
 25284 | D:13     | Found a portal to a secret trove of treasure.
 25481 | D:14     | Reached ***** piety under Hepliaklqana
 25919 | D:14     | Found a shadowy altar of Dithmenos.
 26037 | D:14     | Noticed Snorg
 26046 | D:14     | Killed Snorg
 26046 | D:14     | Reached skill level 5 in Transmutations
 26197 | D:15     | Entered Level 15 of the Dungeon
 26311 | D:15     | Found a glowing golden altar of the Shining One.
 26913 | D:15     | Found a staircase to the Depths.
 27330 | Swamp:1  | Entered Level 1 of the Swamp
 27354 | Swamp:1  | Reached skill level 5 in Armour
 27716 | Swamp:1  | Reached XP level 16. HP: 117/117 MP: 20/20
 28170 | Swamp:2  | Noticed Louise
 28207 | Swamp:2  | Killed Louise
 28390 | Swamp:2  | Got a jewelled ring mail
 28401 | Swamp:2  | Identified the +3 ring mail of Diosmuny {*Slow rC+ MR+ Str+6 Int-5} (You found it on level 2 of the Swamp)
 28457 | Swamp:2  | Identified a scroll of acquirement
 28733 | Swamp:3  | Reached ****** piety under Hepliaklqana
 28950 | Swamp:3  | Noticed Kirke
 29015 | Swamp:3  | Killed Kirke
 29159 | Swamp:3  | Noticed a thorn hunter
 29169 | Swamp:3  | Killed a thorn hunter
 29377 | Swamp:3  | Noticed Donald
 29388 | Swamp:3  | Killed Donald
 29602 | Swamp:4  | Entered Level 4 of the Swamp
 29622 | Swamp:4  | Identified the Incunabulum of the Hunter
 29628 | Swamp:4  | Noticed Tovarisch's ghost (adept DDFi)
 29659 | Swamp:4  | Noticed a thorn hunter
 29677 | Swamp:4  | Killed a thorn hunter
 29809 | Swamp:4  | Noticed a thorn hunter
 29823 | Swamp:4  | Killed a thorn hunter
 30593 | Swamp:4  | Reached XP level 17. HP: 115/124 MP: 22/22
 30881 | Swamp:3  | Reached skill level 10 in Charms
 31035 | Swamp:4  | Got a decaying rune of Zot
 31357 | Spider:1 | Entered Level 1 of the Spider Nest
 32580 | Spider:2 | Got a faintly glowing leather armour
 32606 | Spider:2 | Identified the +1 leather armour of Ennui {*Slow rElec rN+ Regen+} (You found it on level 2 of the Spider Nest)
 32690 | Spider:3 | Noticed braks's ghost (adept FoFi)
 33077 | Spider:3 | Killed braks's ghost
 33319 | Spider:4 | Entered Level 4 of the Spider Nest
 33671 | Spider:4 | Reached skill level 15 in Fighting
 33723 | Spider:4 | Reached XP level 18. HP: 118/134 MP: 25/25
 34041 | Spider:4 | Reached skill level 10 in Invocations
 35108 | Spider:4 | Got a gossamer rune of Zot
 36208 | Orc:2    | Bought an uncursed ring of protection from magic for 375 gold pieces
 36276 | Elf:1    | Entered Level 1 of the Elven Halls
 36920 | Elf:1    | Identified the Tome of Darkness
 37208 | Elf:2    | Found a runed gate.
 37208 | Elf:2    | Found a runed gate.
 37208 | Elf:2    | Found a runed gate.
 37497 | Elf:2    | Reached XP level 19. HP: 124/143 MP: 26/26
 37928 | Elf:3    | Entered Level 3 of the Elven Halls
 38304 | Elf:3    | Found Zanetru's Food Boutique.
 39445 | Elf:3    | Identified Qeoxzom's Collected Works on Freezing Translocation
 39689 | Elf:3    | Identified the ring "Fyjesm" {*Tele rC+++ rN++ Str+3 Int-3} (You took it off a deep elf sorcerer on level 3 of the Elven Halls)
 39738 | Elf:3    | Got a faintly glowing robe
 39749 | Elf:3    | Identified the +1 robe of Lolugg {+Blink +Fly} (You found it on level 3 of the Elven Halls)
 39763 | Elf:3    | Got a shimmering shortbow
 39822 | Elf:3    | Identified the Grimoire of Doomed Battle Magic
 39839 | Elf:3    | Got a pair of heavily runed gloves
 39845 | Elf:3    | Identified the cursed +0 pair of gloves of Monasar {rN+ Int+3} (You found it on level 3 of the Elven Halls)
 39860 | Elf:3    | Got a scorched ring mail
 39871 | Elf:3    | Identified the +3 ring mail of Gues {Regen+} (You found it on level 3 of the Elven Halls)
 39882 | Elf:3    | Got an ancient ring mail
 39890 | Elf:3    | Identified the +5 ring mail of Melancholy {Str+4} (You found it on level 3 of the Elven Halls)
 39911 | Elf:3    | Identified Mexamnu's Collected Works on Intoxication and Shape Shifting
 39975 | Elf:3    | Got a smoking bardiche
 39977 | Elf:3    | Identified the +4 bardiche "Merur" {elec, rElec MR- Dex+3} (You acquired it on level 3 of the Elven Halls)
 40396 | Orc:2    | Bought a scroll of enchant weapon for 112 gold pieces
 40396 | Orc:2    | Bought a scroll of identify for 30 gold pieces
 40396 | Orc:2    | Bought a scroll of fog for 30 gold pieces
 40396 | Orc:2    | Bought a scroll of identify for 30 gold pieces
 40396 | Orc:2    | Bought a scroll of identify for 30 gold pieces
 40396 | Orc:2    | Bought a scroll of identify for 30 gold pieces
 40396 | Orc:2    | Bought a scroll of magic mapping for 52 gold pieces
 40435 | Orc:2    | Bought a scroll of teleportation for 51 gold pieces
 40435 | Orc:2    | Bought a scroll of teleportation for 51 gold pieces
 40435 | Orc:2    | Bought a scroll of enchant armour for 127 gold pieces
 40435 | Orc:2    | Bought a scroll of enchant armour for 127 gold pieces
 40862 | D:12     | Reached XP level 20. HP: 128/153 MP: 27/27
 41037 | Depths:1 | Entered Level 1 of the Depths
 41037 | Depths:1 | Noticed a golden dragon
 41114 | Depths:1 | Killed a golden dragon
 41345 | Depths:1 | Found a one-way gate leading to the halls of Pandemonium.
 41624 | Depths:1 | Found a gateway to Hell.
 41946 | D:13     | Found a gate to the Vaults.
 42032 | Vaults:1 | Entered Level 1 of the Vaults
 42538 | Vaults:1 | Found Honuss's Gadget Shop.
 42951 | D:10     | Bought a scroll of enchant armour for 97 gold pieces
 42951 | D:10     | Bought 3 scrolls of identify for 78 gold pieces
 43002 | D:10     | Bought a scroll of teleportation for 39 gold pieces
 43108 | D:12     | Killed Frances
 43622 | Vaults:1 | Found an ancient bone altar of Kikubaaqudgha.
 43630 | Vaults:1 | Reached XP level 21. HP: 135/159 MP: 28/28
 44699 | Vaults:2 | Reached skill level 27 in Polearms
 45141 | Vaults:2 | Found Kairon's Antique Weapon Emporium.
 45590 | Vaults:3 | Found a ruined gateway.
 45601 | Desolati | Entered the Desolation of Salt
 45709 | Desolati | Got a steaming cloak
 45722 | Desolati | Identified the +0 cloak of Shadows and Fog {*Corrode rF- rC+++ MR+ Str+9} (You found it in the Desolation of Salt)
 45723 | Desolati | Identified Puanis's Guide on Virous Calling
 45729 | Desolati | Got a transparent buckler
 45742 | Desolati | Identified the +2 buckler "Taffaetecs" {rC++ Int+2 Dex+4} (You found it in the Desolation of Salt)
 45754 | Desolati | Got a distressingly furry ring mail
 45770 | Desolati | Identified the +1 ring mail of Lugonu {rN+ Str+4 Dex-3 Stlth+} (You found it in the Desolation of Salt)
 46053 | Desolati | Reached skill level 10 in Armour
 46076 | Desolati | Found the +10 large shield of Ignorance {rN+ Int-4}
 46113 | Desolati | Got a twisted halberd
 46114 | Desolati | Identified the cursed +1 halberd "Goblinslayer" {chop, rElec Dex+3 SInv} (You found it in the Desolation of Salt)
 46117 | Desolati | Got a scintillating copper ring
 46118 | Desolati | Identified the ring "Fubu" {rN+ MP+9 Str+6} (You found it in the Desolation of Salt)
 46122 | Desolati | Identified the ring "Aneam" {rN+ Stlth+} (You found it in the Desolation of Salt)
 46366 | Desolati | Identified Sif Muna's Volume of Harmful Cold
 46643 | Desolati | Reached XP level 22. HP: 167/167 MP: 29/29
 47346 | Vaults:3 | Found a staircase to the Crypt.
 49793 | Depths:2 | Noticed Sojobo
 49821 | Depths:2 | Killed Sojobo
 49834 | Depths:2 | Noticed Asterion
 49836 | Depths:2 | Killed Asterion
 49836 | Depths:2 | Reached XP level 23. HP: 136/176 MP: 30/30
 50373 | Depths:2 | Got a warped chain mail
 50388 | Depths:2 | Identified the +7 chain mail of Indecent Exposure {rElec Int-4 Dex+3} (You found it on level 2 of the Depths)
 51308 | Depths:2 | Noticed a juggernaut
 51310 | Depths:2 | Noticed a juggernaut
 51312 | Depths:2 | Noticed a caustic shrike
 51462 | Depths:2 | Killed a juggernaut
 51465 | Depths:2 | Killed a caustic shrike
 51471 | Depths:2 | Killed a juggernaut
 51653 | Depths:2 | Noticed a juggernaut
 51663 | Depths:2 | Killed a juggernaut
 51753 | Depths:2 | Noticed a golden dragon
 51758 | Depths:2 | Killed a golden dragon
 51758 | Depths:2 | Reached XP level 24. HP: 149/185 MP: 30/30
 51803 | Depths:2 | Identified the +2 helmet of Atheism {rElec rF+ Regen+ SInv} (You found it on level 2 of the Depths)
 52160 | Depths:2 | Learned a level 6 spell: Deflect Missiles
 52166 | Depths:2 | Learned a level 5 spell: Silence
 52777 | Depths:3 | Noticed a shard shrike
 52777 | Depths:3 | a golden dragon changed into a shard shrike
 52780 | Depths:3 | a shard shrike changed into a titan
 52784 | Depths:3 | Noticed a shard shrike
 52784 | Depths:3 | a titan changed into a shard shrike
 52786 | Depths:3 | a shard shrike changed into an acid blob
 52941 | Depths:3 | Found a gateway to a ziggurat.
 52945 | Depths:3 | Found the +3 robe of Folly {Archmagi, MR-- Int+5}
 52955 | Depths:3 | Identified the +4 shield of the Eternal Fruit {rC- Slay+5} (You found it on level 3 of the Depths)
 52993 | Depths:3 | Identified the amulet of Sonlawn {Spirit rPois rN+} (You found it on level 3 of the Depths)
 53270 | Depths:4 | Reached skill level 15 in Charms
 53271 | Depths:4 | Noticed Xtahua
 53284 | Depths:4 | Killed Xtahua
 53570 | Depths:4 | Found a gateway to a bazaar.
 53589 | Bazaar   | Entered a bazaar
 53589 | Bazaar   | Found Niuwuukh's Antique Weapon Emporium.
 53599 | Bazaar   | Found Pongo's Jewellery Boutique.
 53610 | Bazaar   | Found Yliemebesk's Magic Scroll Shoppe.
 53618 | Bazaar   | Found Waliroc's Antique Armour Shoppe.
 53629 | Bazaar   | Found Cetus's General Store.
 53637 | Bazaar   | Bought a scroll of identify for 18 gold pieces
 53675 | Bazaar   | Bought a scroll of teleportation for 42 gold pieces
 53675 | Bazaar   | Bought a scroll of identify for 28 gold pieces
 53675 | Bazaar   | Bought a scroll of teleportation for 42 gold pieces
 53699 | Bazaar   | Bought a bloodstained plate armour for 700 gold pieces
 53699 | Bazaar   | Bought a pair of runed boots for 187 gold pieces
 53699 | Bazaar   | Identified the +2 plate armour of Indemnity {rN+ MR+ SInv} (You bought it in a shop in a bazaar)
 53834 | Depths:4 | Noticed a caustic shrike
 53840 | Depths:4 | Killed a caustic shrike
 53949 | Depths:4 | Noticed a caustic shrike
 53949 | Depths:4 | Noticed a juggernaut
 53955 | Depths:4 | Killed a caustic shrike
 53963 | Depths:4 | Killed a juggernaut
 54303 | Depths:4 | Found a one-way gate to the infinite horrors of the Abyss.
 54317 | Depths:4 | Reached XP level 25. HP: 182/195 MP: 30/30
 54358 | Depths:4 | Voluntarily entered the Abyss.
 54902 | Abyss:2  | Paralysed by accursed screaming for 1 turns
 55121 | Abyss:2  | Paralysed by accursed screaming for 2 turns
 55364 | Abyss:3  | Found a corrupted altar of Lugonu.
 55618 | Abyss:3  | Found a corrupted altar of Lugonu.
 55657 | Abyss:3  | Got an abyssal rune of Zot
 55714 | Abyss:3  | Found a corrupted altar of Lugonu.
 55742 | Abyss:3  | Gained mutation: Scrolls take you a little longer to read. [a neqoxec]
 55784 | Abyss:3  | Lost mutation: Scrolls take you a little longer to read. [potion of mutation]
 55784 | Abyss:3  | Gained mutation: Your spells are a little easier to cast, but a little less powerful. [potion of mutation]
 55784 | Abyss:3  | Gained mutation: You are resistant to electric shocks. (rElec) [potion of mutation]
 55784 | Abyss:3  | Gained mutation: Your muscles are strong. (Str +2) [potion of mutation]
 55784 | Abyss:3  | Gained mutation: You have a pair of small antennae on your head. [potion of mutation]
 55943 | Depths:4 | Escaped the Abyss
 55979 | Depths:5 | Entered Level 5 of the Depths
 56094 | Depths:5 | Lost mutation: You have a pair of small antennae on your head. [potion of mutation]
 56094 | Depths:5 | Lost mutation: Your spells are a little easier to cast, but a little less powerful. [potion of mutation]
 56798 | Depths:5 | Reached XP level 26. HP: 193/207 MP: 30/30
 56843 | Depths:5 | Found a gate to the Realm of Zot.
 57304 | D:4      | Bought a scroll of teleportation for 42 gold pieces
 57304 | D:4      | Bought a scroll of teleportation for 42 gold pieces
 57304 | D:4      | Bought a scroll of enchant weapon for 105 gold pieces
 57448 | D:10     | Bought a potion of cancellation for 200 gold pieces
 57715 | Zot:1    | Entered Level 1 of the Realm of Zot
 58775 | Zot:2    | Reached skill level 27 in Dodging
 59119 | Zot:2    | Reached XP level 27. HP: 199/219 MP: 28/30
 59380 | Zot:3    | Noticed an orb of fire
 59391 | Zot:3    | Lost mutation: Your muscles are strong. (Str +2) [an orb of fire]
 59401 | Zot:3    | Gained mutation: You occasionally shout uncontrollably at your foes. [an orb of fire]
 59406 | Zot:3    | Killed an orb of fire
 59577 | Zot:3    | Reached skill level 5 in Spellcasting
 59890 | Zot:3    | Found Qyci's Changing Room.
 61005 | Zot:4    | Identified the Catalogue of the Traveller and the Snowflakes
 61069 | Zot:4    | Reached skill level 27 in Fighting
 62032 | Zot:4    | Reached skill level 15 in Invocations
 62364 | Zot:4    | Reached skill level 10 in Transmutations
 62413 | Zot:4    | Reached skill level 5 in Earth Magic
 62527 | Zot:5    | Entered Level 5 of the Realm of Zot
 62874 | Zot:5    | Noticed Aryth's ghost (legendary DDFi)
 62898 | Zot:5    | Killed Aryth's ghost
 63405 | Zot:5    | Noticed an ancient lich
 63410 | Zot:5    | Killed an ancient lich
 63520 | Zot:5    | Reached skill level 15 in Armour
 63521 | Zot:5    | Noticed an ancient lich
 63527 | Zot:5    | Killed an ancient lich
 64005 | Zot:5    | Noticed an orb of fire
 64029 | Zot:5    | Killed an orb of fire
 64151 | Zot:5    | Noticed an orb of fire
 64176 | Zot:5    | Killed an orb of fire
 64465 | Zot:5    | Noticed an orb of fire
 64473 | Zot:5    | Killed an orb of fire
 64552 | Zot:5    | Lost mutation: You occasionally shout uncontrollably at your foes. [potion of mutation]
 64552 | Zot:5    | Lost mutation: You are resistant to electric shocks. (rElec) [potion of mutation]
 64552 | Zot:5    | Gained mutation: Your mind is acute. (Int +2) [potion of mutation]
 64552 | Zot:5    | Gained mutation: You are partially covered in slimy green scales. (AC +2) [potion of mutation]
 64568 | Zot:5    | Got the Orb of Zot
 64609 | Zot:3    | Noticed a seraph
 64905 | D:15     | Noticed Veob the pandemonium lord
 65064 | D:8      | Noticed Anwiuph the pandemonium lord
 65237 | D:$      | Escaped with the Orb!

Vault maps used:
D:1:      tarquinn_simple_flora_water_c
D:2:      grunt_temple_overflow_open, lemuel_crystal_altar,
          small_statue_intersection
D:3:      nicolae_ashenzari_panopticon, item_on_display_a
D:4:      lemuel_round_altar, serial_shops, shop, minmay_misc_feat_tower
D:5:      cheibrodos_two_vegetables, okawaru_gym_becter, first_ration
D:6:      lemuel_blue_sif_altar, temple_doors_e, st_stairs_4
D:7:      kennysheep_spiral_hall
D:8:      corexii_shack_village, serial_shops, shop
D:9:      vehumet_statue, cheibriados_altar_1, david_lair_shrubbed
D:10:     serial_shops, kennysheep_mini_moat, shop, shop,
          nicolae_shop_temple_entry_statues_fountains
D:11:     orc_0_dummy
D:12:     uniq_sonja, uniq_frances, uniq_harold
D:13:     cheibrodos_shockbox, david_vaults_5, trove_entry_hex_spiral,
          serial_column_ruins, column_ruins_hut, column_ruins_grid_3,
          column_ruins_open_tiny, column_ruins_open_tiny,
          column_ruins_open_small_water, column_ruins_corridor_straight,
          column_ruins_columns_straight
D:14:     grunt_pizzeria, grunt_dithmenos_smoke_and_mirrors, uniq_snorg
D:15:     grunt_enter_depths_hoard, nicolae_tso_swordbearing_angel
Temple:   nicolae_temple_god_jail
Lair:1:   minmay_lair_oklob_bushes
Lair:2:   minmay_swamp_entry_eels, zaba_anthell
Lair:3:   beast_lair_carwin_3
Lair:4:   nicolae_spider_entry_tight_spaces, bh_chokoban
Lair:5:   lightli_volcano_entry_magma_tube
Lair:6:   evilmike_catoblepas_cave, minmay_slime_entry_oklob_open,
          minmay_lair_oklob_chamber
Swamp:1:  evilmike_swamp_ruin_house_2
Swamp:2:  evilmike_swamp_ruin_house_5, swamp_pool4, uniq_louise
Swamp:3:  evilmike_swamp_ruin_rubble_1, uniq_donald, uniq_kirke
Swamp:4:  swamp_basic_johnstein, swamp_pool4
Spider:1: guppyfry_spider_mini_1
Spider:2: mumra_spider_spiderweb, spiders_nest_spider_trap
Spider:4: spider_rune_water
Orc:2:    st_orc_town
Elf:1:    minmay_elf_necromancy, minivault_8
Elf:3:    minmay_elf_hall, serial_shops, shop
Vaults:1: grunt_vaults_funnel, hangedman_vaults_stitches, v_misc_8,
          grunt_vaults_diagonal, hangedman_vaults_pinch, v_rooms_4,
          nicolae_vaults_puzzle_piece, vaults_standard_mumra_lines,
          ontoclasm_vaults_hangar, vaults_mumra_chevron_long, v_misc_16,
          st_cells, serial_shops, nicolae_shop_trees, basic_altar
Vaults:2: nicolae_vaults_circle_grid_b, nicolae_vaults_rhombus_5,
          nicolae_vaults_twisting_passages, v_alt_pattern_1, v_misc_11,
          v_misc_18, dpeg_vaults_monster_box, vaults_room_hallway,
          vaults_mumra_hex, serial_shops, shop
Vaults:3: v_misc_11, v_misc_23, v_misc_25, dpeg_vaults_monster_row,
          vaults_room_boxed, ontoclasm_vaults_pinch, vaults_room_hallway,
          v_misc_25, ontoclasm_vaults_twist, minmay_crypt_entry_simple_statues,
          ontoclasm_vaults_decontamination, vaults_mumra_minichess_inversion,
          portal_desolation_entry_nicolae_slug
Vaults:4: hangedman_vaults_stretched_pinwheel, vaults_room_stairs_pillars,
          vaults_standard_mumra_enter_the_diamond, hangedman_vaults_stagger,
          vaults_room_pool, nicolae_vaults_quartermaster,
          nicolae_vaults_network_s, vaults_room_stairs_pillars,
          hangedman_vaults_nails, nicolae_vaults_little_ls
Depths:1: pf_hell_entry_tar_river, pan_entry, evilmike_ambush
Depths:2: gammafunk_depths_water_palace, hell_entry, rand_demon_pan_entry_4,
          uniq_asterion, uniq_sojobo
Depths:3: radiant_caverns_b_rkd, pan_entry, hell_entry, serial_shops
Depths:4: thingy_vault, serial_shops, bzr_entry_customers, serial_bayou,
          serial_bayou_ford_a, serial_bayou_pond_a, serial_bayou_pond_d,
          serial_bayou_shore_b, serial_bayou_lagoon_b, serial_bayou_pond_b,
          hell_entry, minmay_room_of_horrors, hangedman_abyss_or_decor_slice,
          serial_bayou_shore_b, uniq_xtahua
Depths:5: grunt_x_marks_the_spot, hell_entry, minmay_misc_feat_iff
Zot:1:    grunt_twist_and_shout
Zot:2:    hangedman_zot_decor_unnerving_road
Zot:3:    grunt_zot_stairs_mandelzot, nicolae_transmutations_shop
Zot:4:    st_large_dragon_hoard_4
Abyss:1:  evilmike_abyss_exit_plants
Abyss:3:  nicolae_abyss_rune_left_handed
Bazaar:   bazaar_lake

Skill      XL: |  1  2  3  4  5  6  7  8  9 10 11 12 13 14 15 16 17 18 19 20 21 22 23 24 25 26 27 |
---------------+----------------------------------------------------------------------------------+-----
Polearms       | 4 5 7 11 12 13 14 16 18 20 22 26 27 | 27.0
Hexes          | 1 2 3 4 5 6 8 |  8.0
Charms         | 4 5 6 8 9 11 12 13 14 15 | 15.0
Armour         | 1 2 5 7 10 11 12 13 15 | 15.0
Dodging        | 3 4 8 11 15 17 18 19 20 21 22 23 24 25 26 27 | 27.0
Fighting       | 3 4 6 8 9 11 12 13 15 16 17 18 19 20 22 23 25 27 | 27.0
Evocations     | 2 3 5 |  5.0
Ice Magic      | 3 4 |  4.0
Spellcasting   | 3 4 6 |  6.0
Necromancy     | 2 4 |  4.0
Invocations    | 3 5 7 9 10 19 | 19.7
Transmutations | 6 7 9 11 | 11.1
Earth Magic    | 2 3 5 |  5.0

Action                   |  1- 3 |  4- 6 |  7- 9 | 10-12 | 13-15 | 16-18 | 19-21 | 22-24 | 25-27 || total
-------------------------+-------+-------+-------+-------+-------+-------+-------+-------+-------++-------
Melee: Spear             |   130 |   180 |    29 |       |       |       |       |       |       ||   339
       Trident           |       |       |   294 |   565 |   440 |    80 |       |       |       ||  1379
       Tailslap          |       |       |     1 |       |     1 |    51 |       |    30 |     7 ||    90
       Halberd           |       |       |       |       |   568 |       |       |       |       ||   568
       Glaive            |       |       |       |       |   305 |  1214 |  1155 |  1166 |  2016 ||  5856
Throw: Tomahawk          |       |     3 |     9 |    15 |    11 |       |       |       |       ||    38
 Cast: Infusion          |     2 |     2 |     7 |     1 |       |       |       |       |       ||    12
       Spectral Weapon   |       |    14 |    35 |    55 |   126 |   134 |    86 |    50 |    61 ||   561
       Song of Slaying   |       |     2 |     1 |     7 |     1 |       |       |     3 |    14 ||    28
       Ozocubu's Armour  |       |       |     2 |    15 |    27 |    40 |     8 |       |       ||    92
       Regeneration      |       |       |       |       |    30 |    62 |    65 |    62 |    85 ||   304
       Sticks to Snakes  |       |       |       |       |       |     6 |       |     2 |     1 ||     9
       Passwall          |       |       |       |       |       |     3 |     2 |       |    16 ||    21
Invok: Purification      |       |       |       |     3 |       |       |       |       |       ||     3
       Lesser Healing    |       |       |       |     2 |       |       |       |       |       ||     2
       Ancestor Identity |       |       |       |     1 |       |       |       |       |       ||     1
       Recall Ancestor   |       |       |       |       |    12 |    19 |    10 |    10 |    16 ||    67
       Ancestor Life: He |       |       |       |       |     1 |       |       |       |       ||     1
       Transference      |       |       |       |       |     3 |     2 |    18 |    10 |    12 ||    45
       Idealise          |       |       |       |       |     2 |       |     4 |       |     5 ||    11
Evoke: Wand              |       |       |     2 |    14 |    13 |     8 |    13 |     2 |    17 ||    69
       Phantom mirror    |       |       |       |       |       |     1 |       |       |       ||     1
       Lamp of fire      |       |       |       |       |       |       |     1 |     3 |     2 ||     6
       Lightning rod     |       |       |       |       |       |       |       |     2 |       ||     2
  Use: Scroll            |       |     7 |     8 |     9 |    17 |    18 |    32 |    10 |    11 ||   112
       Potion            |       |       |       |       |     3 |     5 |    10 |       |    15 ||    33
 Stab: Sleeping          |       |     1 |       |       |     1 |     3 |     1 |       |       ||     6
       Distracted        |       |       |       |     6 |    21 |    25 |    20 |    24 |    37 ||   133
       Confused          |       |       |       |       |    12 |     8 |    31 |    43 |    76 ||   170
       Paralysed         |       |       |       |       |    23 |    38 |    31 |    27 |    43 ||   162
  Eat: Chunk             |     2 |     7 |    15 |    24 |    59 |    28 |    41 |    32 |    27 ||   235
       Ration            |       |     1 |     1 |     2 |     2 |    10 |     3 |     2 |    11 ||    32
Armor: Scale mail        |    11 |       |       |       |       |       |       |       |       ||    11
       Leather armour    |    21 |    25 |     8 |     6 |       |       |       |       |       ||    60
       Ring mail         |       |       |    52 |       |       |    12 |    25 |       |       ||    89
       Robe              |       |       |     5 |    54 |    87 |       |       |       |       ||   146
       Troll leather arm |       |       |       |       |    62 |   169 |    40 |       |       ||   271
       Fire dragon scale |       |       |       |       |       |       |   118 |   216 |   434 ||   768
Dodge: Dodged            |    60 |    72 |   137 |   281 |   795 |   973 |   618 |   697 |  1414 ||  5047

Table legend:
 A = Spawn XP
 B = Non-spawn XP
 C = Spawn XP percentage of total XP
 D = Spawn monster count
 E = Non-spawn monster count
 F = Spawn count percentage of total count
 G = Total turns spent on level
                    A         B        C        D         E        F      G
               +---------+---------+-------+---------+---------+-------+---------
         Total |   45535 | 1680069 |   2.6 |      77 |    2606 |   2.9 | 65237
               +---------+---------+-------+---------+---------+-------+---------
           D:1 |       0 |      31 |   0.0 |       0 |      18 |   0.0 |  1019
           D:2 |       0 |      56 |   0.0 |       0 |      19 |   0.0 |   753
           D:3 |       0 |     143 |   0.0 |       0 |      27 |   0.0 |  1544
           D:4 |       0 |     619 |   0.0 |       0 |      15 |   0.0 |  1273
           D:5 |       0 |     472 |   0.0 |       0 |      13 |   0.0 |   854
           D:6 |       0 |     782 |   0.0 |       0 |      24 |   0.0 |  1204
           D:7 |       0 |    1186 |   0.0 |       0 |      34 |   0.0 |  1140
           D:8 |       0 |    1507 |   0.0 |       0 |      37 |   0.0 |  1373
           D:9 |       0 |    1550 |   0.0 |       0 |      42 |   0.0 |  1244
          D:10 |       0 |    2280 |   0.0 |       0 |      30 |   0.0 |  1203
          D:11 |       0 |    2960 |   0.0 |       0 |      21 |   0.0 |   811
          D:12 |       0 |   10222 |   0.0 |       0 |      65 |   0.0 |  1247
          D:13 |       0 |   11628 |   0.0 |       0 |      39 |   0.0 |  1164
          D:14 |       0 |    6814 |   0.0 |       0 |      27 |   0.0 |  1004
          D:15 |       0 |    9589 |   0.0 |       0 |      29 |   0.0 |  1315
        Lair:1 |       0 |    4230 |   0.0 |       0 |      21 |   0.0 |  1563
        Lair:2 |       0 |    8175 |   0.0 |       0 |      66 |   0.0 |  2142
        Lair:3 |       0 |    5284 |   0.0 |       0 |      26 |   0.0 |  1159
        Lair:4 |       0 |    7114 |   0.0 |       0 |      25 |   0.0 |  1862
        Lair:5 |       0 |   11009 |   0.0 |       0 |      29 |   0.0 |  1206
        Lair:6 |       0 |   33561 |   0.0 |       0 |     101 |   0.0 |  2359
       Swamp:1 |       0 |    8794 |   0.0 |       0 |      35 |   0.0 |   609
       Swamp:2 |       0 |    9920 |   0.0 |       0 |      24 |   0.0 |   839
       Swamp:3 |       0 |   21585 |   0.0 |       0 |      60 |   0.0 |  1360
       Swamp:4 |       0 |   32654 |   0.0 |       0 |      55 |   0.0 |  1034
      Spider:1 |       0 |   11624 |   0.0 |       0 |      28 |   0.0 |   478
      Spider:2 |       0 |   15875 |   0.0 |       0 |      53 |   0.0 |   851
      Spider:3 |       0 |   14740 |   0.0 |       0 |      42 |   0.0 |   668
      Spider:4 |       0 |   42351 |   0.0 |       0 |      84 |   0.0 |  1764
         Orc:1 |       0 |    6429 |   0.0 |       0 |      36 |   0.0 |  1161
         Orc:2 |       0 |   15786 |   0.0 |       0 |     110 |   0.0 |  2351
         Elf:1 |       0 |   12922 |   0.0 |       0 |      32 |   0.0 |   856
         Elf:2 |       0 |   29741 |   0.0 |       0 |      41 |   0.0 |   986
         Elf:3 |       0 |   64338 |   0.0 |       0 |      54 |   0.0 |  2228
      Vaults:1 |       0 |   62046 |   0.0 |       0 |     122 |   0.0 |  1701
      Vaults:2 |       0 |   41952 |   0.0 |       0 |      73 |   0.0 |  1425
      Vaults:3 |       0 |   55962 |   0.0 |       0 |      86 |   0.0 |  1536
      Vaults:4 |       0 |   42970 |   0.0 |       0 |      82 |   0.0 |  1411
      Depths:1 |       0 |   39886 |   0.0 |       0 |      39 |   0.0 |  1040
      Depths:2 |       0 |  143375 |   0.0 |       0 |     115 |   0.0 |  2432
      Depths:3 |       0 |   55739 |   0.0 |       0 |      85 |   0.0 |  1017
      Depths:4 |       0 |   79256 |   0.0 |       0 |      81 |   0.0 |  1086
      Depths:5 |       0 |   71499 |   0.0 |       0 |      60 |   0.0 |  1155
         Zot:1 |       0 |   70968 |   0.0 |       0 |      51 |   0.0 |   717
         Zot:2 |       0 |   58482 |   0.0 |       0 |      32 |   0.0 |   862
         Zot:3 |       0 |  124503 |   0.0 |       0 |      78 |   0.0 |  1639
         Zot:4 |       0 |  110316 |   0.0 |       0 |      69 |   0.0 |  1691
         Zot:5 |       0 |  228224 |   0.0 |       0 |      82 |   0.0 |  1977
       Abyss:1 |    1959 |    8589 |  18.6 |       7 |      24 |  22.6 |   348
       Abyss:2 |   25412 |   15743 |  61.7 |      44 |      54 |  44.9 |   654
       Abyss:3 |   18164 |   23416 |  43.7 |      26 |      32 |  44.8 |   583
    Desolation |       0 |   41172 |   0.0 |       0 |      79 |   0.0 |  1093
               +---------+---------+-------+---------+---------+-------+---------
